[Event "Titled Tuesday Blitz June 13 Late 2023"]
[White "Gimenez Aguirre, Alejo Ismael"]
[Black "Fajdetic, Hrvoje"]
[WhiteFideId "32041667"]
[BlackFideId "14501945"]
[WhiteElo "2165"]
[BlackElo "2185"]
[Result "1-0"]
[Round "6"]
[TimeControl "180+2"]
[Date "2023.06.13"]
[WhiteClock "0:00:56"]
[BlackClock "0:00:06"]
[Board "110"]

1. e4 c5 2. Nf3 a6 3. d4 cxd4 4. Nxd4 Nf6 5. Nc3 e5 6. Nf3 Nc6 7. Be2 Bb4 8. O-O O-O 9. Bg5 h6 10. Bh4 Be7 11. a4 d6 12. Bxf6 Bxf6 13. Nd5 Bg4 14. h3 Bxf3 15. Bxf3 Nd4 16. c3 Nxf3+ 17. Qxf3 Rc8 18. Rfd1 Rc6 19. Rd3 Re8 20. Rad1 Re6 21. Qe3 Bg5 22. Qa7 Qc8 23. Nb4 Rc4 24. f3 Be7 25. Nd5 Bf8 26. b3 Rc6 27. c4 g6 28. Kh1 Kg7 29. Rf1 f5 30. exf5 gxf5 31. g4 f4 32. Rg1 Rg6 33. Nc3 h5 34. Ne4 hxg4 35. Rxg4 Be7 36. Qg1 Qf5 37. Rd2 Kh7 38. Rdg2 d5 39. cxd5 Rxg4 40. Rxg4 Rc2 41. d6 Qh5 42. Qf1 Bh4 43. Nf6+ Bxf6 44. Qd3+ Kh6 45. Qxc2 Qxh3+ 46. Qh2 Qxh2+ 47. Kxh2 b5 48. axb5 axb5 49. d7 1-0


[Site "https://www.chess.com"]

[Event "Titled Tuesday Blitz June 13 Late 2023"]
[White "Yolosz"]
[Black "Kochiev, Ivan"]
[BlackFideId "2917890"]
[WhiteElo "2377"]
[BlackElo "2287"]
[Result "1-0"]
[Round "6"]
[TimeControl "180+2"]
[Date "2023.06.13"]
[WhiteClock "0:02:26"]
[BlackClock "0:02:20"]
[Board "111"]

1. d4 Nf6 2. Bf4 e6 3. e3 c5 4. c3 d5 5. Nd2 Bd6 6. Bg3 Qc7 7. Bd3 Nbd7 8. Ngf3 O-O 9. Qe2 h6 10. O-O Bf4 11. Bxf4 1-0


[Site "https://www.chess.com"]

[Event "Titled Tuesday Blitz June 13 Late 2023"]
[White "Castella Garcia, Fausto"]
[Black "Diaz Rosas, Julio Cesar"]
[WhiteFideId "3501922"]
[BlackFideId "5105099"]
[WhiteElo "2245"]
[BlackElo "2284"]
[Result "1/2-1/2"]
[Round "6"]
[TimeControl "180+2"]
[Date "2023.06.13"]
[WhiteClock "0:00:07"]
[BlackClock "0:00:06"]
[Board "112"]

1. e4 c5 2. Nf3 d6 3. d4 cxd4 4. Nxd4 Nf6 5. Nc3 a6 6. Bg5 Nbd7 7. Qe2 h6 8. Bh4 g6 9. O-O-O e5 10. Nb3 Qc7 11. Qc4 Qc6 12. Nd5 Nxd5 13. Qxc6 bxc6 14. exd5 cxd5 15. Rxd5 Bb7 16. Rd2 a5 17. Bb5 a4 18. Nc5 Bc8 19. Bf6 Rh7 20. Nxd7 Bxd7 21. Bxd7+ Kxd7 22. Bxe5 Be7 23. Rhd1 Ra6 24. Kb1 h5 25. a3 h4 26. h3 Rh5 27. Bf4 Rf5 28. g3 Rb5 29. Rd5 Rb7 30. Be3 Ke6 31. g4 Bf6 32. Bc1 Rab6 33. Ka1 Rc6 34. g5 Be5 35. f4 Bg7 36. R5d3 Rb5 37. Re1+ Kd7 38. c3 Bf8 39. Rde3 d5 40. Re8 Bd6 41. Ra8 Rc4 42. Ra7+ Bc7 43. f5 gxf5 44. Rf1 d4 45. cxd4 Rd5 46. Bf4 Rdxd4 47. Bxc7 Rxc7 48. Rxc7+ Kxc7 49. Rxf5 Kc6 50. Rxf7 Rd3 51. Rf4 Rxh3 52. Rxa4 Rh1+ 53. Ka2 h3 54. Rh4 h2 55. g6 Rg1 56. Rxh2 Rxg6 57. a4 Kb6 58. Ka3 Rg4 59. b3 Ka5 60. Rh5+ Ka6 61. a5 Rg3 62. Ka4 Rg1 63. Rh6+ Ka7 64. b4 Rg5 65. b5 Rg4+ 66. Kb3 Rg3+ 67. Kc4 Rg4+ 68. Kd3 Rg3+ 69. Ke4 Rg5 70. Ra6+ Kb7 71. Rb6+ Ka7 72. Kd4 Rh5 73. Kc4 Rh4+ 74. Kc5 Rh5+ 75. Kc6 Rh6+ 76. Kc7 Rh7+ 77. Kd8 Rh8+ 78. Ke7 Rh7+ 79. Kf8 Rh8+ 80. Kg7 Rh5 81. Kg6 Re5 82. Kf6 Rh5 83. Ke7 Rh7+ 84. Kf8 Rh8+ 85. Kg7 Rh5 86. Kf6 Rh6+ 87. Ke7 Rh7+ 1/2-1/2


[Site "https://www.chess.com"]

[Event "Titled Tuesday Blitz June 13 Late 2023"]
[White "brm72"]
[Black "Hoffmann, Asa"]
[BlackFideId "2001470"]
[WhiteElo "2519"]
[BlackElo "2117"]
[Result "0-1"]
[Round "6"]
[TimeControl "180+2"]
[Date "2023.06.13"]
[WhiteClock "0:00:26"]
[BlackClock "0:01:11"]
[Board "113"]

1. e4 d6 2. d4 Nf6 3. Nc3 c6 4. Nf3 Bg4 5. Be2 e6 6. e5 dxe5 7. Nxe5 Bxe2 8. Nxe2 Nbd7 9. Bf4 Nxe5 10. Bxe5 Bd6 11. Bxd6 Qxd6 12. O-O O-O 13. c3 c5 14. Qb3 b6 15. Rad1 Rfd8 16. h3 Nd5 17. c4 Nf4 18. Nxf4 Qxf4 19. dxc5 bxc5 20. Qb5 Qf5 21. Rd7 Rxd7 22. Qxd7 h6 23. Rd1 a5 24. Qb5 a4 25. Qb7 Rf8 26. Qb5 Qc2 27. Re1 Qd2 28. Re3 Rd8 29. Qxa4 Qc1+ 30. Kh2 Qxb2 31. Rf3 Qe5+ 32. g3 Qe1 33. Qa7 Rd1 34. Qxf7+ Kh7 0-1


[Site "https://www.chess.com"]

[Event "Titled Tuesday Blitz June 13 Late 2023"]
[White "Quinones Garcia, Santiago"]
[Black "Tokhirjonova, Gulrukhbegim"]
[WhiteFideId "4408497"]
[BlackFideId "14203626"]
[WhiteElo "2173"]
[BlackElo "2265"]
[Result "0-1"]
[Round "6"]
[TimeControl "180+2"]
[Date "2023.06.13"]
[WhiteClock "0:00:00"]
[BlackClock "0:01:07"]
[Board "114"]

1. d4 Nf6 2. c4 e6 3. Nc3 b6 4. Bg5 Be7 5. e4 d6 6. Nf3 Bb7 7. Bd3 Nbd7 8. O-O e5 9. d5 Nxd5 10. Nxd5 Bxg5 11. Nxg5 Bxd5 12. cxd5 Qxg5 13. Bb5 Qd8 14. Qa4 Ke7 15. Bc6 Nc5 16. Qa3 Nxe4 17. Bxa8 Qxa8 18. Rac1 Kd8 19. Qd3 Nc5 20. Qd2 f6 21. Qc2 a5 22. a3 a4 23. Rfd1 Ke7 24. Qf5 g6 25. Qg4 f5 26. Qg5+ Kf7 27. h4 Rg8 28. h5 Qe8 29. h6 e4 30. Rd4 Qe5 31. Rxa4 Qxb2 32. Ra7 Rc8 33. g4 Nd3 34. Rf1 Qe5 35. gxf5 gxf5 36. Qh5+ Ke7 37. Kh1 Nf4 38. Qh4+ Kd7 39. Rg1 Ng6 40. Qh3 Qxd5 41. Rg5 e3+ 42. Kh2 Qe5+ 43. Kh1 e2 44. Rxf5 e1=Q+ 45. Kg2 Q1e4+ 46. Rf3+ Qe6 47. Qh5 Nf4+ 0-1


[Site "https://www.chess.com"]

[Event "Titled Tuesday Blitz June 13 Late 2023"]
[White "Bogaudinov, Rushan"]
[Black "Golubev, Mikhail"]
[WhiteFideId "4129288"]
[BlackFideId "14100983"]
[WhiteElo "1967"]
[BlackElo "2374"]
[Result "1-0"]
[Round "6"]
[TimeControl "180+2"]
[Date "2023.06.13"]
[WhiteClock "0:00:17"]
[BlackClock "0:00:00"]
[Board "115"]

1. e4 c5 2. Nf3 d6 3. d4 cxd4 4. Nxd4 Nf6 5. Nc3 g6 6. Be3 Bg7 7. Qd2 Nc6 8. Nb3 O-O 9. h3 Be6 10. Be2 d5 11. exd5 Nxd5 12. Nxd5 Bxd5 13. O-O Bxb2 14. Rad1 Bxb3 15. cxb3 Qxd2 16. Rxd2 Bg7 17. Rd7 Rab8 18. Bf3 Ne5 19. Rxe7 Nxf3+ 20. gxf3 Rfe8 21. Rd7 a6 22. Rfd1 b5 23. Ra7 Ra8 24. Rdd7 Bf8 25. Rxf7 Rxa7 26. Rxa7 Re6 27. f4 Be7 28. Kg2 Kf8 29. Kf3 Ke8 30. Bd4 Kd8 31. Be5 Kc8 32. Ke4 Bc5 33. Rxh7 Bxf2 34. Kd5 Re8 35. Rc7+ Kd8 36. Rb7 1-0


[Site "https://www.chess.com"]

[Event "Titled Tuesday Blitz June 13 Late 2023"]
[White "The_Straightforward_Rook"]
[Black "Srdanovic, Jovana"]
[BlackFideId "954810"]
[WhiteElo "2360"]
[BlackElo "2155"]
[Result "1-0"]
[Round "6"]
[TimeControl "180+2"]
[Date "2023.06.13"]
[WhiteClock "0:01:09"]
[BlackClock "0:01:04"]
[Board "116"]

1. Nf3 d5 2. c4 c6 3. d4 Nf6 4. Nc3 dxc4 5. e4 b5 6. Be2 e6 7. O-O Bb4 8. a4 Bxc3 9. bxc3 Nxe4 10. Ba3 Nxc3 11. Qc2 Nd5 12. Rfb1 Bd7 13. Ne5 a5 14. axb5 cxb5 15. Bf3 b4 16. Bxd5 exd5 17. Bxb4 Ra6 18. Bc5 Be6 19. f4 Nd7 20. Nxd7 Bxd7 21. Re1+ Re6 22. f5 Rxe1+ 23. Rxe1+ Be6 24. fxe6 fxe6 25. Rxe6+ 1-0


[Site "https://www.chess.com"]

[Event "Titled Tuesday Blitz June 13 Late 2023"]
[White "Yeritsyan, Hayk"]
[Black "Szente Varga, Fruzsina"]
[WhiteFideId "13307320"]
[BlackFideId "712264"]
[WhiteElo "2499"]
[BlackElo "1994"]
[Result "1-0"]
[Round "6"]
[TimeControl "180+2"]
[Date "2023.06.13"]
[WhiteClock "0:00:11"]
[BlackClock "0:00:02"]
[Board "118"]

1. d4 Nf6 2. Nf3 g6 3. Bf4 Bg7 4. h3 O-O 5. e3 d5 6. c3 c5 7. Be2 Nc6 8. O-O Ne4 9. Bh2 cxd4 10. cxd4 Qb6 11. Nc3 Nxc3 12. bxc3 Bf5 13. Qb3 Qxb3 14. axb3 a6 15. b4 Rac8 16. Nd2 Na7 17. Rfc1 Nc6 18. Nb3 e5 19. Nc5 exd4 20. cxd4 Nxb4 21. Nxb7 Rxc1+ 22. Rxc1 Rc8 23. Ra1 Rc2 24. Bf1 Bf8 25. Nc5 Bxc5 26. dxc5 Bd3 27. Bd6 Bxf1 28. Kxf1 Kg7 29. f3 Kh6 30. Ra4 Nd3 31. Rh4+ Kg7 32. Rd4 Nxc5 33. Rxd5 Ne6 34. Be5+ f6 35. Rd7+ Kh6 36. Bg3 Ng5 37. Bf4 Kh5 38. Bxg5 Kxg5 39. Rxh7 a5 40. Ra7 Ra2 41. Kg1 a4 42. Kh2 a3 43. Kg3 Kh6 44. Ra6 Kg5 45. f4+ Kf5 46. Kf3 g5 47. g4+ Kg6 48. f5+ Kf7 49. Ra7+ Ke8 50. Ra6 Ke7 51. Kg3 Ra1 52. Re6+ Kf7 53. Ra6 a2 54. Kg2 Ke7 55. e4 Kf7 56. Ra5 Ke7 57. Ra3 Kf7 58. Kh2 Ke7 59. Ra6 Kf7 60. h4 gxh4 61. Ra5 Re1 62. Rxa2 Rxe4 63. Kh3 Kg7 64. Kxh4 Re7 65. Ra6 Rb7 66. Rc6 Ra7 67. Rb6 Rc7 68. Kh5 Ra7 69. Rc6 Rb7 70. g5 fxg5 71. Kxg5 Kf7 72. Rh6 Kg7 73. f6+ Kf8 74. Kg6 Kg8 75. Rh1 Rb8 76. f7+ Kf8 77. Rh8+ 1-0


[Site "https://www.chess.com"]

[Event "Titled Tuesday Blitz June 13 Late 2023"]
[White "Koutlas, Nikolaos"]
[Black "Arias Igual, Alejandro"]
[WhiteFideId "25827138"]
[BlackFideId "2254905"]
[WhiteElo "2215"]
[BlackElo "2179"]
[Result "0-1"]
[Round "6"]
[TimeControl "180+2"]
[Date "2023.06.13"]
[WhiteClock "0:01:04"]
[BlackClock "0:00:48"]
[Board "119"]

1. Nf3 d5 2. g3 e6 3. Bg2 Nf6 4. O-O Be7 5. c3 O-O 6. b4 a5 7. b5 c5 8. bxc6 Nxc6 9. Ba3 e5 10. d3 Re8 11. Bxe7 Qxe7 12. Nfd2 Bg4 13. c4 d4 14. Ne4 Nxe4 15. Bxe4 f5 16. Bg2 e4 17. dxe4 fxe4 18. Nd2 d3 19. f3 Bh5 20. exd3 exd3 21. Ne4 Rad8 22. Re1 Kh8 23. c5 Nb4 24. Nd6 Qxe1+ 25. Qxe1 Rxe1+ 26. Rxe1 Nxa2 27. Nxb7 d2 28. Rd1 Nc3 29. Nxd8 Nxd1 30. c6 Ne3 0-1


[Site "https://www.chess.com"]

[Event "Titled Tuesday Blitz June 13 Late 2023"]
[White "Korpics, Zsolt"]
[Black "Santos Flores, Alberto"]
[WhiteFideId "705241"]
[BlackFideId "3601234"]
[WhiteElo "2336"]
[BlackElo "2235"]
[Result "0-1"]
[Round "6"]
[TimeControl "180+2"]
[Date "2023.06.13"]
[WhiteClock "0:00:02"]
[BlackClock "0:00:56"]
[Board "120"]

1. e4 c5 2. Nf3 Nc6 3. d4 cxd4 4. Nxd4 g6 5. Nc3 Bg7 6. Be3 Nf6 7. Bc4 O-O 8. Bb3 d6 9. h3 Bd7 10. O-O Nxd4 11. Bxd4 a5 12. a4 Bc6 13. Qe2 Nd7 14. Bxg7 Kxg7 15. Qe3 Qb6 16. Qxb6 Nxb6 17. Bd5 Bxd5 18. Nxd5 Nxd5 19. exd5 Rac8 20. Rac1 Rc4 21. b3 Rc3 22. Rfe1 Kf6 23. Re3 Rfc8 24. Rxc3 Rxc3 25. Kf1 e5 26. Ke2 Ke7 27. Kd2 Rc8 28. c4 f5 29. Ke3 Kf6 30. f3 Re8 31. Re1 g5 32. g3 Re7 33. g4 e4 34. Kf2 f4 35. Rxe4 Rxe4 36. fxe4 Ke5 37. Kf3 b6 38. h4 h6 39. h5 Kd4 40. e5 Kxe5 41. Kf2 Kd4 42. Ke2 Kc3 43. c5 bxc5 44. b4 cxb4 0-1


[Site "https://www.chess.com"]

[Event "Titled Tuesday Blitz June 13 Late 2023"]
[White "Girsh, Daniel"]
[Black "Sala, Giulia"]
[WhiteFideId "30949190"]
[BlackFideId "2840451"]
[WhiteElo "2075"]
[BlackElo "1769"]
[Result "1-0"]
[Round "6"]
[TimeControl "180+2"]
[Date "2023.06.13"]
[WhiteClock "0:00:31"]
[BlackClock "0:00:17"]
[Board "121"]

1. e4 e6 2. d4 d5 3. Nc3 Nf6 4. e5 Nfd7 5. f4 c5 6. Nf3 Nc6 7. Be3 Qb6 8. Qd2 Qxb2 9. Rb1 Qa3 10. Bb5 Qa5 11. O-O cxd4 12. Nxd4 Bb4 13. Rb3 Nxd4 14. Bxd4 O-O 15. a3 Qxb5 16. Rxb4 Qc6 17. Rf3 b6 18. Rg3 g6 19. Rh3 Nc5 20. f5 exf5 21. Qh6 Rd8 22. Qxh7+ Kf8 23. Qh8+ Ke7 24. Qf6+ Qxf6 25. exf6+ Kd6 26. Nb5+ Kc6 27. Be5 Ba6 28. Nd4+ Kb7 29. Rh7 Rd7 30. Rb1 Re8 31. Nf3 Be2 32. Bd4 Ne6 33. Ne5 Rc7 34. c3 Ng5 35. Rg7 Rh8 36. Re1 Bb5 37. Nf3 Nxf3+ 38. gxf3 Re8 39. Rxe8 Bxe8 40. Kf2 Kc6 41. Rg8 Bd7 42. Be5 Rb7 43. Rxg6 Be6 44. Rg7 Kb5 45. h4 Ka4 46. h5 Rb8 47. Bxb8 1-0


[Site "https://www.chess.com"]

[Event "Titled Tuesday Blitz June 13 Late 2023"]
[White "Ai, Evan"]
[Black "kiwibobo"]
[WhiteFideId "2094770"]
[WhiteElo "1963"]
[BlackElo "2303"]
[Result "0-1"]
[Round "6"]
[TimeControl "180+2"]
[Date "2023.06.13"]
[WhiteClock "0:00:05"]
[BlackClock "0:01:21"]
[Board "122"]

1. e4 e5 2. Nf3 Nc6 3. Bc4 Nf6 4. d3 Bc5 5. c3 a6 6. b4 Ba7 7. a4 d6 8. O-O h6 9. h3 g5 10. Nxg5 hxg5 11. Bxg5 Nb8 12. Qf3 Nbd7 13. Qg3 Nh5 14. Qh4 f6 15. Be3 Ke7 16. Nd2 Nf8 17. g4 Ng6 18. Qxh5 Rxh5 19. gxh5 Nf4 20. Bxf4 exf4 21. Kh2 Qh8 22. Rg1 Bxf2 23. Rg2 Bg3+ 24. Kg1 Qxh5 25. Nf1 Qxh3 26. Nxg3 fxg3 27. Rf1 Bg4 28. d4 Rh8 0-1


[Site "https://www.chess.com"]

[Event "Titled Tuesday Blitz June 13 Late 2023"]
[White "whiteglovethief"]
[Black "Vila Dupla, Aurelio"]
[BlackFideId "2203383"]
[WhiteElo "2483"]
[BlackElo "2009"]
[Result "1-0"]
[Round "6"]
[TimeControl "180+2"]
[Date "2023.06.13"]
[WhiteClock "0:01:58"]
[BlackClock "0:00:00"]
[Board "123"]

1. d4 Nf6 2. c4 g6 3. Nc3 d5 4. cxd5 Nxd5 5. e4 Nxc3 6. bxc3 Bg7 7. Nf3 c5 8. Rb1 O-O 9. Be2 cxd4 10. cxd4 Qa5+ 11. Bd2 Qxa2 12. O-O Bg4 13. Bg5 Rd8 14. Rxb7 Bxf3 15. Bxf3 Bxd4 16. Qc1 Bf6 17. e5 Bxe5 18. Rxe7 1-0


[Site "https://www.chess.com"]

[Event "Titled Tuesday Blitz June 13 Late 2023"]
[White "Krasteva, Beloslava"]
[Black "Rottenwohrer Suarez, Juan"]
[WhiteFideId "2922029"]
[BlackFideId "32068182"]
[WhiteElo "2187"]
[BlackElo "2174"]
[Result "0-1"]
[Round "6"]
[TimeControl "180+2"]
[Date "2023.06.13"]
[WhiteClock "0:00:00"]
[BlackClock "0:00:32"]
[Board "124"]

1. c4 Nf6 2. Nf3 g6 3. g3 Bg7 4. Bg2 b6 5. Nc3 Bb7 6. b3 Ne4 7. Nxe4 Bxe4 8. d4 c5 9. Bb2 Nc6 10. e3 cxd4 11. exd4 d5 12. O-O O-O 13. Ne5 Nxe5 14. Bxe4 Nxc4 15. bxc4 dxe4 16. Re1 f5 17. Qb3 Bxd4 18. Rad1 e5 19. c5+ Kg7 20. c6 Qf6 21. Bxd4 exd4 22. Qd5 Rad8 23. Qb5 d3 24. c7 Rc8 25. Qd7+ Kh8 26. Qd4 Qxd4 0-1


[Site "https://www.chess.com"]

[Event "Titled Tuesday Blitz June 13 Late 2023"]
[White "Uzcategui Rodriguez, Alejandro"]
[Black "Klinova, Masha"]
[WhiteFideId "3903400"]
[BlackFideId "2802015"]
[WhiteElo "2252"]
[BlackElo "2241"]
[Result "1-0"]
[Round "6"]
[TimeControl "180+2"]
[Date "2023.06.13"]
[WhiteClock "0:00:14"]
[BlackClock "0:00:31"]
[Board "125"]

1. d4 d6 2. Nf3 g6 3. Bg5 Bg7 4. Nbd2 Nd7 5. e3 h6 6. Bh4 Ngf6 7. Bc4 O-O 8. c3 g5 9. Bg3 Nh5 10. Qe2 Ndf6 11. O-O-O d5 12. Bd3 Nxg3 13. hxg3 Bg4 14. e4 dxe4 15. Nxe4 Qd5 16. Kb1 c6 17. Nxf6+ exf6 18. Bc4 Qd7 19. Qc2 b5 20. Bd3 Rfe8 21. Rde1 a5 22. Nd2 a4 23. f3 Be6 24. g4 Qd5 25. a3 Qa2+ 26. Kc1 Bb3 27. Nxb3 axb3 28. Rxe8+ Rxe8 29. Qb1 Kf8 30. Qxa2 bxa2 31. Kd2 Ke7 32. Ra1 Kd7 33. Rxa2 Bf8 34. Ra1 Bd6 35. Re1 Bf4+ 36. Kd1 Rxe1+ 37. Kxe1 Kd6 38. Kd1 Be3 39. Kc2 Bf4 40. Kb3 Bc1 41. Kc2 Bf4 42. b3 Kc7 43. a4 Kb6 44. Bh7 c5 45. Bg8 bxa4 46. bxa4 cxd4 47. cxd4 Ka5 48. Kb3 Be3 49. d5 Bf4 50. Bxf7 Bd6 51. Be8 Bc5 52. Bb5 Bd6 53. Kc4 Ba3 54. Kd3 Bd6 55. Ke4 Kb4 56. Kf5 Be5 57. Ke6 Kc5 58. Bd3 Bd6 59. a5 Be5 60. a6 Kb6 61. d6 1-0


[Site "https://www.chess.com"]

[Event "Titled Tuesday Blitz June 13 Late 2023"]
[White "Martinez, Ayelen"]
[Black "Yurasova, Daria"]
[WhiteFideId "118702"]
[BlackFideId "34146919"]
[WhiteElo "2074"]
[BlackElo "2109"]
[Result "0-1"]
[Round "6"]
[TimeControl "180+2"]
[Date "2023.06.13"]
[WhiteClock "0:00:04"]
[BlackClock "0:00:10"]
[Board "126"]

1. e4 e5 2. Nf3 Nc6 3. Bb5 Nge7 4. O-O g6 5. d4 exd4 6. c3 Bg7 7. cxd4 O-O 8. d5 a6 9. Bc4 b5 10. Be2 Na5 11. d6 cxd6 12. Nc3 Bb7 13. Qxd6 h6 14. Rd1 Bc6 15. Nd5 Bxd5 16. exd5 Nf5 17. Qb4 Nb7 18. a4 Re8 19. Bf1 Nbd6 20. Bd3 a5 21. Qg4 b4 22. Bf4 h5 23. Qh3 Bxb2 24. g4 Nd4 25. Nxd4 Bxd4 26. Bxd6 Qf6 27. g5 Qxd6 28. Bxg6 Bxa1 29. Bxf7+ Kxf7 30. Qf5+ Kg7 31. Rxa1 Qe5 32. Qxd7+ Re7 33. Qc6 Qxa1+ 34. Kg2 Rf8 35. Qh6+ Kf7 36. Qf6+ Qxf6 37. gxf6 Kxf6 38. f3 Rd7 39. Kf2 Rxd5 40. Ke3 Re8+ 0-1


[Site "https://www.chess.com"]

[Event "Titled Tuesday Blitz June 13 Late 2023"]
[White "campochess"]
[Black "Zaitsev, Alexander"]
[BlackFideId "4164490"]
[WhiteElo "2226"]
[BlackElo "2373"]
[Result "0-1"]
[Round "6"]
[TimeControl "180+2"]
[Date "2023.06.13"]
[WhiteClock "0:01:22"]
[BlackClock "0:01:03"]
[Board "127"]

1. e4 c5 2. Na3 g6 3. c3 Bg7 4. d4 cxd4 5. cxd4 d5 6. e5 a6 7. Nf3 Nc6 8. Nc2 f6 9. Bf4 Bg4 10. Be2 Nh6 11. h3 Bxf3 12. Bxf3 fxe5 13. dxe5 e6 14. Qe2 O-O 15. Bh2 Qa5+ 16. b4 Nxb4 17. O-O Nxc2 18. Qxc2 Rac8 19. Qb2 b5 20. a4 b4 21. Rfc1 Rc3 22. Rcb1 Nf5 23. Qxb4 Rc1+ 0-1


[Site "https://www.chess.com"]

[Event "Titled Tuesday Blitz June 13 Late 2023"]
[White "krucki03"]
[Black "Elaisaz"]
[WhiteElo "2465"]
[BlackElo "2222"]
[Result "0-1"]
[Round "6"]
[TimeControl "180+2"]
[Date "2023.06.13"]
[WhiteClock "0:00:18"]
[BlackClock "0:00:32"]
[Board "128"]

1. a4 a6 2. h4 e5 3. e3 d5 4. d3 Nf6 5. h5 h6 6. a5 Nc6 7. Be2 Be6 8. Bd2 Bc5 9. c3 Qd7 10. d4 Bd6 11. dxe5 Nxe5 12. Nf3 c5 13. Na3 O-O 14. Nc2 Rfe8 15. b4 Rad8 16. Rb1 Nc4 17. bxc5 Bxc5 18. Ncd4 Bg4 19. Qc2 Bxh5 20. Bd3 Ne5 21. Nxe5 Rxe5 22. f3 Rg5 23. Kf2 Bg6 24. Bxg6 Rxg6 25. Qb3 Bxd4 26. cxd4 Qf5 27. Kg1 Qxf3 28. Rh2 Ne4 29. Bb4 Qf2+ 30. Kh1 Ng3# 0-1


[Site "https://www.chess.com"]

[Event "Titled Tuesday Blitz June 13 Late 2023"]
[White "SergioMoralesG"]
[Black "Lopez Perdomo, Juan David"]
[BlackFideId "4405137"]
[WhiteElo "2463"]
[BlackElo "1965"]
[Result "0-1"]
[Round "6"]
[TimeControl "180+2"]
[Date "2023.06.13"]
[WhiteClock "0:00:00"]
[BlackClock "0:00:08"]
[Board "129"]

1. e4 e6 2. d4 d5 3. Nc3 Bb4 4. e5 c5 5. a3 Ba5 6. dxc5 Bxc3+ 7. bxc3 Nd7 8. Qg4 Nxe5 9. Qxg7 Qf6 10. Qg3 Ne7 11. Be2 Nf5 12. Qf4 Ng6 13. Qa4+ Bd7 14. Bb5 Qxc3+ 15. Kf1 Qxa1 16. Bxd7+ Ke7 17. Ne2 a6 18. Qb4 a5 19. Qxb7 Rhb8 20. Qc7 Qe5 21. Qxe5 Nxe5 22. Ba4 Rc8 23. Bf4 Ng6 24. c6 Nxf4 25. Nxf4 Rab8 26. Ke2 Nd4+ 27. Kd2 Nxc6 28. Re1 Kd6 29. Re3 Nd4 30. Kc1 Rc4 31. c3 Rbc8 32. Kd2 Rxa4 33. cxd4 Rxd4+ 34. Nd3 e5 35. Rh3 e4 36. Rh6+ Ke7 37. Ke3 Rxd3+ 38. Kf4 Rxa3 39. Ke5 Rd3 40. Rxh7 Ra8 41. g4 a4 42. g5 Rg8 43. h4 a3 44. f4 a2 0-1


[Site "https://www.chess.com"]

[Event "Titled Tuesday Blitz June 13 Late 2023"]
[White "Hartikainen, Jarmo"]
[Black "Kielinkei"]
[WhiteFideId "503134"]
[WhiteElo "2131"]
[BlackElo "2452"]
[Result "0-1"]
[Round "6"]
[TimeControl "180+2"]
[Date "2023.06.13"]
[WhiteClock "0:00:30"]
[BlackClock "0:00:53"]
[Board "130"]

1. e4 c5 2. c3 Nf6 3. e5 Nd5 4. d4 cxd4 5. Nf3 d6 6. cxd4 Nc6 7. Nc3 dxe5 8. dxe5 Be6 9. Bb5 Nxc3 10. Qxd8+ Rxd8 11. bxc3 a6 12. Bxc6+ bxc6 13. O-O Bd5 14. Be3 e6 15. Nd4 Be7 16. Rfb1 O-O 17. Rb6 c5 18. Nb3 Rc8 19. Rxa6 f6 20. exf6 gxf6 21. c4 Bxc4 22. Rc1 Bxa6 0-1


[Site "https://www.chess.com"]

[Event "Titled Tuesday Blitz June 13 Late 2023"]
[White "zano2023"]
[Black "Arnold, Ken"]
[BlackFideId "2056836"]
[WhiteElo "2105"]
[BlackElo "2451"]
[Result "0-1"]
[Round "6"]
[TimeControl "180+2"]
[Date "2023.06.13"]
[WhiteClock "0:01:06"]
[BlackClock "0:01:37"]
[Board "131"]

1. d4 Nf6 2. Nd2 g6 3. e4 d6 4. Ngf3 Bg7 5. Bd3 O-O 6. O-O Nc6 7. c3 e5 8. Re1 Bg4 9. h3 Bxf3 10. Nxf3 exd4 11. cxd4 Nd7 12. Be3 Qe7 13. Qd2 Rae8 14. a3 Nb6 15. b4 a6 16. Rac1 Na7 17. Bh6 Nb5 18. Bxg7 Kxg7 19. Qb2 d5 20. e5 Qd7 21. Qb3 c6 22. a4 Nc7 23. Rc2 Ne6 24. a5 Nc4 25. Bxc4 dxc4 26. Qxc4 Rd8 27. Re4 Qd5 28. Qxd5 Rxd5 29. g4 Rfd8 30. Rc4 Nc7 31. Ng5 h6 32. Nf3 Rb5 33. Rc5 Rxb4 34. g5 h5 35. Rf4 Ne6 0-1


[Site "https://www.chess.com"]

[Event "Titled Tuesday Blitz June 13 Late 2023"]
[White "Jonkman, Harmen"]
[Black "Osmonbekov, Talaibek"]
[WhiteFideId "1002708"]
[BlackFideId "2017253"]
[WhiteElo "2368"]
[BlackElo "2135"]
[Result "1-0"]
[Round "6"]
[TimeControl "180+2"]
[Date "2023.06.13"]
[WhiteClock "0:00:13"]
[BlackClock "0:00:00"]
[Board "132"]

1. d4 e6 2. g3 f5 3. Bg2 Nf6 4. Nd2 c5 5. c3 Nc6 6. dxc5 Bxc5 7. e4 fxe4 8. Nxe4 Nxe4 9. Bxe4 O-O 10. Bxh7+ Kxh7 11. Qh5+ Kg8 12. Qxc5 Qf6 13. Be3 b6 14. Qh5 Bb7 15. O-O-O Rac8 16. Rxd7 Na5 17. Bd4 Qh6+ 18. Qxh6 gxh6 19. Rg7+ Kh8 20. Rxb7+ Kg8 21. Rg7+ Kh8 22. Rxa7+ Kg8 23. Rg7+ Kh8 24. Rd7+ Kg8 25. Nh3 Nc4 26. Re1 e5 27. Bxe5 Rce8 28. f4 b5 29. Rg7+ Kh8 30. Rb7+ Nxe5 31. Rxe5 Rxe5 32. fxe5 Rf1+ 33. Kc2 Rh1 34. Nf4 Rxh2+ 35. Kb3 1-0


[Site "https://www.chess.com"]

[Event "Titled Tuesday Blitz June 13 Late 2023"]
[White "Bueno, Alfeu Junior Varela"]
[Black "Sanchez, Robert"]
[WhiteFideId "2108879"]
[BlackFideId "2034360"]
[WhiteElo "2175"]
[BlackElo "1976"]
[Result "1-0"]
[Round "6"]
[TimeControl "180+2"]
[Date "2023.06.13"]
[WhiteClock "0:00:30"]
[BlackClock "0:00:01"]
[Board "134"]

1. e4 e6 2. d4 d5 3. Nd2 Nf6 4. Bd3 c5 5. e5 Nfd7 6. c3 Nc6 7. Ne2 cxd4 8. cxd4 f6 9. exf6 Nxf6 10. O-O Bd6 11. Nf3 Qc7 12. Bg5 O-O 13. Bh4 Nh5 14. Qc2 h6 15. Bh7+ Kh8 16. Bg6 Rxf3 17. Bxh5 Rf5 18. Bg4 Bxh2+ 19. Kh1 Bd6 20. Bxf5 exf5 21. f4 Qf7 22. Kg1 Qh5 23. Bf2 Bd7 24. Ng3 Qg4 25. Qe2 Qxf4 26. Rae1 Nxd4 27. Qh5 Nc6 28. Qg6 Rf8 29. Re3 Rf6 30. Qh5 Qg4 31. Qxg4 fxg4 32. Rfe1 d4 33. Re4 d3 34. Rd1 Nb4 35. a3 Nd5 36. Rxd3 Nf4 37. Rxf4 Bxf4 38. Rxd7 Rc6 39. Ne2 Be5 40. Bd4 Bxd4+ 41. Nxd4 Rc1+ 1-0


[Site "https://www.chess.com"]

[Event "Titled Tuesday Blitz June 13 Late 2023"]
[White "Jakic, Ivan"]
[Black "Shapiro, Daniel"]
[WhiteFideId "14504901"]
[BlackFideId "2001780"]
[WhiteElo "2365"]
[BlackElo "2327"]
[Result "1-0"]
[Round "6"]
[TimeControl "180+2"]
[Date "2023.06.13"]
[WhiteClock "0:01:30"]
[BlackClock "0:00:06"]
[Board "135"]

1. e4 c5 2. Nf3 e6 3. d4 cxd4 4. Nxd4 a6 5. Bd3 g6 6. O-O Bg7 7. c3 Ne7 8. f4 d6 9. Qe2 Nbc6 10. Be3 d5 11. e5 O-O 12. Nd2 f6 13. exf6 Bxf6 14. N2f3 Nf5 15. Bf2 Re8 16. Rae1 Qc7 17. Nxc6 bxc6 18. Ne5 c5 19. g4 Nd6 20. Qf3 Bb7 21. Qh3 d4 22. cxd4 Bxe5 23. dxe5 Qc6 24. Bg3 c4 25. Bc2 Nb5 26. Be4 Qc7 27. Bxb7 Qxb7 28. f5 Nd4 29. fxg6 hxg6 30. Qh6 Nf3+ 31. Rxf3 Qxf3 32. Qxg6+ Kh8 33. Qh6+ Kg8 34. Qg5+ Kh8 35. Rf1 Qe4 36. Rf7 Qb1+ 37. Kg2 Rad8 38. Qg7# 1-0


[Site "https://www.chess.com"]